 Dungeon Crawl Stone Soup version 0.22-a0-617-g6d95e9e (webtiles) character file.

111 sking99 the Slasher (level 4, -3/38 HPs)
             Began as a Draconian Warper on July 12, 2018.
             Succumbed to a water moccasin's poison
             ... on level 3 of the Dungeon.
             The game lasted 00:05:01 (2839 turns).

sking99 the Slasher (Draconian Warper)              Turns: 2839, Time: 00:05:02

Health: -3/38      AC:  5    Str: 11 (13) XL:     4   Next: 62%
Magic:  6/6        EV: 12    Int: 12 (13) God:
Gold:   108        SH:  0    Dex: 11 (12) Spells: 3/7 levels left

rFire    . . .     SeeInvis .   a - +0 falchion
rCold    . . .     Gourm    .   (no shield)
rNeg     . . .     Faith    .   (armour unavailable)
rPois    .         Spirit   .   (helmet restricted)
rElec    .         Reflect  .   (no cloak)
rCorr    .         Harm     .   (no gloves)
MR       .....                  (no boots)
Stlth    +.........             (no amulet)
HPRegen  0.12/turn              (no ring)
MPRegen  0.10/turn              (no ring)

@: lethally poisoned (-3 -> -64)
A: unfitting armour, hooves 1, low mp 1, evolution 1, cold-blooded, AC +5
a: no special abilities


You were on level 3 of the Dungeon.
You were not hungry.

You visited 1 branch of the dungeon, and saw 3 of its levels.

You collected 108 gold pieces.

Inventory:

Hand Weapons
 a - a +0 falchion (weapon)
Missiles
 d - 5 tomahawks of dispersal (quivered)
Wands
 j - a wand of acid (7)
Scrolls
 b - 2 scrolls of enchant weapon {unknown}
 c - a scroll of blinking
 e - 5 scrolls of identify {unknown}
 h - 2 scrolls of remove curse {unknown}
 l - a scroll of immolation {unknown}
 m - a scroll of noise {unknown}
Potions
 i - a potion of degeneration
Comestibles
 f - 6 rations


   Skills:
 + Level 3.5 Fighting
 * Level 4.0 Long Blades
 - Level 0.8 Throwing
 - Level 2.1 Dodging
   Level 0.7 Shields
 - Level 2.0 Spellcasting
 - Level 3.0 Translocations


You had 3 spell levels left.
You knew the following spells:

 Your Spells              Type           Power        Failure   Level  Hunger
a - Blink                 Tloc           N/A          12%         2    ###....
b - Shroud of Golubria    Chrm/Tloc      #.........   22%         2    ###....

Your spell library contained the following spells:

 Spells                   Type           Power        Failure   Level  Hunger
 Teleport Other           Tloc           #.......     24%         3    ####...
 Passage of Golubria      Tloc           N/A          61%         4    #####..
 Gell's Gravitas          Tloc           #.........   24%         3    ####...
 Lesser Beckoning         Tloc           #.........   24%         3    ####...


Dungeon Overview and Level Annotations

Branches:
Dungeon (3/15)

Altars:


Innate Abilities, Weirdness & Mutations

Your plain brown scales are hard. (AC +5)
You cannot fit into any form of body armour.
You are cold-blooded and may be slowed by cold attacks.
You have large cloven feet.
Your magical capacity is low. (-10% MP)
You evolve.


Message History

The water moccasin poisons you!
The water moccasin bites you but does no damage.
You hit the water moccasin.
The water moccasin is moderately wounded.
You feel sick. The water moccasin bites you.
* * * LOW HITPOINT WARNING * * *
You are more poisoned.
The water moccasin poisons you!
You closely miss the water moccasin.
The water moccasin is moderately wounded.
* * * LOW HITPOINT WARNING * * *
You feel very sick. The water moccasin bites you.
* * * LOW HITPOINT WARNING * * *
You are more poisoned.
The water moccasin poisons you! The water moccasin closely misses you.
Unknown command.
You hit the water moccasin.
The water moccasin is moderately wounded.
You die...

.........#
........# #.......#
#.......+ #.......#
#+##.......#
#.##....S..#
#.##...@...#
#......)...#
#....##...##
#....###..# #....#
..# ##########....#
.># .........#....#
###
########.#....#####
..................#


You could see a water moccasin.

Vanquished Creatures
  6 adders
  A worm (D:2)
  3 dart slugs (D:1)
  2 leopard geckos (D:2)
  8 bats
  2 giant cockroaches
  5 goblins
  6 hobgoblins
  4 jackals (D:1)
  3 kobolds
  A frilled lizard (D:1)
  7 rats
48 creatures vanquished.

Notes
Turn   | Place    | Note
-------+----------+-------------------------------------------
     0 | D:1      | sking99 the Draconian Warper began the quest for the Orb.
     0 | D:1      | Reached XP level 1. HP: 17/17 MP: 3/3
    60 | D:1      | Reached XP level 2. HP: 25/25 MP: 5/5
   861 | D:1      | Reached skill level 3 in Long Blades
  1086 | D:2      | Reached XP level 3. HP: 19/30 MP: 6/6
  2073 | D:3      | Reached XP level 4. HP: 38/38 MP: 7/7
  2416 | D:3      | Learned a level 2 spell: Blink
  2419 | D:3      | Learned a level 2 spell: Shroud of Golubria
  2500 | D:3      | Reached skill level 4 in Long Blades
  2826 | D:3      | Noticed a water moccasin
  2832 | D:3      | Gained mutation: You evolve. [potion of mutation]
  2832 | D:3      | Gained mutation: Your magical capacity is low. (-10% MP) [potion of mutation]
  2832 | D:3      | Gained mutation: You have large cloven feet. [potion of mutation]
  2838 | D:3      | HP: 1/38 [water moccasin (5)]
  2839 | D:3      | Succumbed to a water moccasin's poison

Vault maps used:
D:1:      lemuel_arrival_tunnels
D:3:      ebering_ghost_sewer_f, trog_wizard

Skill      XL: |  1  2  3  4 |
---------------+-------------+-----
Long Blades    | 3 4 |  4.0
Fighting       | 3 |  3.5
Throwing       | |  0.8
Dodging        | |  2.1
Shields        | |  0.7
Spellcasting   | |  2.0
Translocations | |  3.0

Action                   |  1- 3 |  4- 6 || total
-------------------------+-------+-------++-------
Melee: Falchion          |   121 |    69 ||   190
       Tailslap          |    12 |     4 ||    16
       Kick              |       |     1 ||     1
  Use: Potion            |       |     4 ||     4
  Eat: Chunk             |     4 |       ||     4
       Ration            |       |     1 ||     1
Armor: Skin              |    50 |    32 ||    82
Dodge: Dodged            |    73 |    32 ||   105
Block: Shield            |    19 |    27 ||    46
       Rpst.: Falchion   |    22 |     9 ||    31

Table legend:
 A = Spawn XP
 B = Non-spawn XP
 C = Spawn XP percentage of total XP
 D = Spawn monster count
 E = Non-spawn monster count
 F = Spawn count percentage of total count
 G = Total turns spent on level
                    A         B        C        D         E        F      G
               +---------+---------+-------+---------+---------+-------+---------
         Total |       0 |     159 |   0.0 |       0 |      48 |   0.0 |  2839
               +---------+---------+-------+---------+---------+-------+---------
           D:1 |       0 |      36 |   0.0 |       0 |      19 |   0.0 |  1038
           D:2 |       0 |      57 |   0.0 |       0 |      17 |   0.0 |   920
           D:3 |       0 |      66 |   0.0 |       0 |      12 |   0.0 |   881
               +---------+---------+-------+---------+---------+-------+---------
